 Dungeon Crawl Stone Soup version 0.18.1-48-g4cf74bf (webtiles) character file.

5381 lorenzova the Covert (level 10, -2/35 HPs)
             Began as a Spriggan Enchanter on Aug 1, 2016.
             Was a Believer of Dithmenos.
             Slain by a large abomination (37 damage)
             ... on level 2 of the Abyss.
             The game lasted 00:25:27 (10746 turns).

lorenzova the Covert (Spriggan Enchanter)          Turns: 10746, Time: 00:25:28

Health: -2/35      AC:  4    Str:  5      XL:     10   Next: 39%
Magic:  31/33      EV: 26    Int: 17      God:    Dithmenos [**....]
Gold:   484        SH:  0    Dex: 18 (19) Spells: 3 memorised, 21 levels left

rFire  . . .     SeeInvis +     z - +6 short sword of Bocothik {pierce, rPois MP+9}
rCold  . . .     Gourm    .     b - +1 robe
rNeg   . . .     Faith    .     (shield restricted)
rPois  +         Spirit   .     (helmet restricted)
rElec  .         Dismiss  .     y - +0 cloak
rCorr  +         Reflect  .     (gloves unavailable)
SustAt .         Harm     .     (boots unavailable)
MR     +....     Rnd*Tele +     t - amulet of rage
Stlth  ++++++++..               B - ring of wizardry
                                k - ring of resist corrosion

@: about to teleport, wreathed by umbra, very quick, somewhat resistant to
hostile enchantments, extraordinarily stealthy
A: unfitting armour, see invisible, herbivore 3, speed 3, frail 2, slow
metabolism 2, teleportitis 1
a: Shadow Step, Renounce Religion, Evoke Berserk Rage


You were on level 2 of the Abyss.
You worshipped Dithmenos.
Dithmenos was pleased with you.
You were not hungry.

You visited 2 branches of the dungeon, and saw 9 of its levels.
You visited the Abyss 1 time.
You also visited: Sewer.

You collected 624 gold pieces.
You spent 140 gold pieces at shops.

Inventory:

Hand Weapons
 f - the +8 dagger of Waxygapn {flame, +Blink MP+9 Str-3 SInv}
   (You found it on level 4 of the Dungeon)

   It has been specially enchanted to burn those struck by it, causing extra
   injury to most foes and up to half again as much damage against particularly
   susceptible opponents.
   It affects your strength (-3).
   It affects your magic capacity (+9).
   It lets you see invisible.
   It lets you blink.
   Dithmenos disapproves of the use of such an item.
 z - the +6 short sword of Bocothik (weapon) {pierce, rPois MP+9}
   (You found it on level 5 of the Dungeon)

   It inflicts extra damage upon your enemies.
   It protects you from poison.
   It affects your magic capacity (+9).
 L - the +4 dagger "Suba" {distort, +Rage rF+ Str-4 Int+3}
   (You bought it in a shop on level 4 of the Dungeon)

   It warps and distorts space around it.
   Unwielding it can cause banishment or high damage.
   It affects your strength (-4).
   It affects your intelligence (+3).
   It protects you from fire.
   It lets you go berserk.
 M - a +2 dagger of freezing
Armour
 b - a +1 robe (worn)
 y - a +0 cloak (worn)
Jewellery
 k - a ring of resist corrosion (left hand)
 t - an amulet of rage (around neck)
 B - a ring of wizardry (right hand)
 E - an uncursed ring of ice
 J - an uncursed ring of protection from magic {unknown}
 K - the ring "Muuceng" {rN+ MR+ MP-9 Str+8 Dex-5}
   (You found it on level 8 of the Dungeon)

   [ring of protection from magic]

   It affects your strength (+8).
   It affects your dexterity (-5).
   It protects you from negative energy.
   It affects your resistance to hostile enchantments.
   It affects your magic capacity (-9).
Wands
 w - a wand of heal wounds (0/9)
 C - a wand of slowing (24/48)
 I - a wand of digging (12/24)
 O - a wand of lightning (5/15)
Scrolls
 a - 2 scrolls of magic mapping {unknown}
 e - 2 scrolls of amnesia {unknown}
 h - 6 scrolls of remove curse
 j - 4 scrolls of blinking {unknown}
 l - a scroll of recharging {unknown}
 n - 7 scrolls of teleportation
 q - a scroll of random uselessness {unknown}
 u - a scroll of fear {unknown}
 x - 3 scrolls of enchant weapon {unknown}
 D - 2 scrolls of enchant armour {unknown}
 G - a scroll of noise {unknown}
 H - a scroll of fog {unknown}
 N - a scroll of holy word {unknown}
Potions
 g - 2 potions of heal wounds
 i - 6 potions of flight
 m - 3 potions of might {unknown}
 o - a potion of invisibility {unknown}
 p - 5 potions of degeneration {unknown}
 r - a potion of brilliance {unknown}
 s - a potion of cure mutation {unknown}
 v - 3 potions of curing
 A - 3 potions of haste {unknown}
 F - a potion of cancellation {unknown}
Books
 c - a book of Maledictions

   Spells                             Type                      Level
   a - Corona                         Hexes                        1
   b - Ensorcelled Hibernation        Hexes/Ice                    2
   c - Confuse                        Hexes                        3
   d - Tukima's Dance                 Hexes                        3
   e - Dazzling Spray                 Conjuration/Hexes            3
Comestibles
 d - 2 bread rations


   Skills:
 + Level 7.0 Short Blades
 + Level 9.7 Dodging
 + Level 12.8 Stealth
 - Level 9.1 Spellcasting
 - Level 8.6 Hexes


You had 21 spell levels left.
You knew the following spells:

 Your Spells              Type           Power        Failure   Level  Hunger
a - Corona                Hex            #####..      1%          1    None
b - Ensorcelled Hibernat  Hex/Ice        ###...       1%          2    None
c - Confuse               Hex            #####...     1%          3    None


Dungeon Overview and Level Annotations

Branches:
Dungeon (8/15)             Temple (1/1) D:4            Lair (0/8) D:8

Altars:
Ashenzari
Cheibriados
Dithmenos
Elyvilon
Fedhas
Gozag
Kikubaaqudgha
Makhleb
Nemelex Xobeh
Okawaru
Pakellas
Qazlal
Ru
Sif Muna
Trog
Vehumet
Xom
Yredelemnul
Zin
The Shining One

Shops:
D:4 (   D:8 %


Innate Abilities, Weirdness & Mutations

You are tiny and cannot use many weapons and most armour.
You have supernaturally acute eyesight.
You are a herbivore.
You cover ground extremely quickly.
You need consume almost no food.
You are occasionally teleported next to monsters.
[You are very frail (-20% HP).]


Message History

Press: ? - help, Shift-Dir - straight line, f - large abomination
Aim: a large abomination (umbra, chance to defeat MR: 7%)
The large abomination resists with almost no effort.
A wretched star comes into view.
You strike the helpless wretched star from a blind spot!
You impale the wretched star!!
The wretched star is moderately damaged.
Drink which item? (? for menu, Esc to quit)
It was a potion of curing.
You feel better.
The large abomination barely misses you.
Read which item? (? for menu, Esc to quit)
As you read the scroll labeled FEIPOO ZAREICH, it crumbles to dust.
You feel strangely unstable.
You feel the power of the Abyss delaying your translocation!
It was a scroll of teleportation.
The wretched star pulses with an eldritch light!
You feel frail. x2
The large abomination hits you!!!
Ouch! That really hurt!
You die...

#.. ### .. #
##.. #.. ##. # #
# ..#.###. #
#.####.#.#..##
##. #........ #
#. #.##. .#. #.
#
###..#####..#..
. #*##..###.#
.###.#
#.#@X#....#.##.#
.# #.###.#..#...
. # #. #.## .#..
. ## #........
.. .......
#.........
.####.#..# .# ..
. # #


You could see a wretched star and a large abomination.

Vanquished Creatures
  A cyclops (D:6)
  The ghost of lorenzova the Jinx, a novice SpEn of Dithmenos (D:6)
  An efreet (Abyss:2)
  Grinder (D:6)
  Prince Ribbit (D:6)
  A raiju (Abyss:2)
  Sigmund (D:6)
  A ynoxinul (Abyss:2)
  A neqoxec (Abyss:2)
  5 small abominations (Abyss:2)
  An ice beast (D:5)
  3 orc warriors
  2 black bears (D:7)
  A sky beast (D:8)
  The ghost of Nicoed the Ruffian, an amateur DrTm of Xom (D:3)
  7 ogres
  2 giant frogs (D:8)
  Blork the orc (D:6)
  6 scorpions
  A howler monkey (D:4)
  4 crimson imps
  A quasit (Abyss:2)
  A jelly (D:5)
  6 orc priests
  2 giant frog zombies
  4 orc wizards
  3 centaur skeletons
  Terence (D:3)
  2 iguanas
  8 worker ants
  A worker ant zombie (D:7)
  3 gnolls (D:6)
  10 adders
  3 river rats (D:6)
  5 oozes
  An adder skeleton (D:5)
  An adder zombie (D:7)
  8 worms
  2 dart slugs
  7 giant geckos
  26 orcs
  17 bats
  5 giant cockroaches
  10 goblins
  7 hobgoblins
  4 jackals (Sewer)
  2 quokkas
  2 ball pythons
  A giant gecko skeleton (D:4)
  5 giant newts
  2 jackal skeletons
  7 kobolds
  3 quokka skeletons
  8 rats
  A spectral orc (D:4)
212 creatures vanquished.

Vanquished Creatures (others)
  5 toadstools (D:1)
5 creatures vanquished.

Grand Total: 217 creatures vanquished

Notes
Turn   | Place    | Note
--------------------------------------------------------------
     0 | D:1      | lorenzova the Spriggan Enchanter began the quest for the Orb.
     0 | D:1      | Reached XP level 1. HP: 9/9 MP: 5/5
   158 | D:1      | Reached XP level 2. HP: 5/13 MP: 5/7
   162 | D:1      | Learned a level 2 spell: Ensorcelled Hibernation
  1045 | D:2      | Reached XP level 3. HP: 16/16 MP: 9/9
  1050 | D:2      | Learned a level 3 spell: Confuse
  1322 | D:2      | Reached skill level 5 in Stealth
  2015 | D:3      | Noticed Terence
  2027 | D:3      | Killed Terence
  2027 | D:3      | Reached XP level 4. HP: 21/21 MP: 7/11
  2188 | D:3      | Found an iron altar of Okawaru.
  2367 | D:3      | Found a glowing drain.
  2371 | Sewer    | Entered a sewer
  3132 | Sewer    | Reached XP level 5. HP: 24/24 MP: 13/13
  3163 | Sewer    | Reached skill level 5 in Spellcasting
  3351 | D:3      | Reached skill level 5 in Hexes
  3861 | D:3      | Noticed Nicoed's ghost (amateur DrTm)
  3874 | D:3      | Killed Nicoed's ghost
  3874 | D:3      | Reached skill level 6 in Stealth
  3874 | D:3      | Reached XP level 6. HP: 27/28 MP: 7/15
  4005 | D:3      | Found a deep blue altar of Sif Muna.
  4543 | D:4      | Found Amiusefu's Antique Weapon Shoppe.
  4604 | D:4      | Reached XP level 7. HP: 25/32 MP: 11/18
  4896 | D:4      | Found a staircase to the Ecumenical Temple.
  4899 | D:4      | Reached skill level 7 in Stealth
  4908 | Temple   | Entered the Ecumenical Temple
  4914 | Temple   | Became a worshipper of Dithmenos the Shadowed
  5000 | D:4      | Found an opulent altar of Gozag.
  5302 | D:4      | Found a basalt altar of Yredelemnul.
  5510 | D:5      | Entered Level 5 of the Dungeon
  5606 | D:5      | Reached skill level 8 in Stealth
  5606 | D:5      | Reached XP level 8. HP: 31/36 MP: 13/20
  5707 | D:5      | Got a transparent short sword
  5708 | D:5      | Identified the +6 short sword of Bocothik {pierce, rPois MP+9} (You found it on level 5 of the Dungeon)
  5737 | D:5      | Noticed a moth of wrath
  5740 | D:5      | Found a bloodstained altar of Trog.
  6602 | D:5      | Reached * piety under Dithmenos
  6758 | D:6      | Noticed Grinder
  6769 | D:6      | Killed Grinder
  7022 | D:6      | Noticed Sigmund
  7038 | D:6      | Killed Sigmund
  7038 | D:6      | Reached skill level 9 in Stealth
  7099 | D:6      | Noticed lorenzova's ghost (novice SpEn)
  7118 | D:6      | Killed lorenzova's ghost
  7118 | D:6      | Reached XP level 9. HP: 33/39 MP: 21/23
  7204 | D:6      | Reached skill level 5 in Dodging
  7235 | D:6      | Noticed Blork the orc
  7238 | D:6      | Killed Blork the orc
  7310 | D:6      | Noticed a cyclops
  7336 | D:6      | Killed a cyclops
  7336 | D:6      | Reached skill level 10 in Stealth
  7355 | D:6      | Found a burning altar of Makhleb.
  7358 | D:6      | Found a glowing silver altar of Zin.
  7358 | D:6      | Noticed an angel
  7359 | D:6      | Noticed a balrug
  7604 | D:6      | Noticed Prince Ribbit
  7625 | D:6      | Killed Prince Ribbit
  7951 | D:7      | Found a sparkling altar of Nemelex Xobeh.
  8042 | D:7      | Reached skill level 5 in Short Blades
  8042 | D:7      | Reached skill level 11 in Stealth
  8206 | D:7      | Reached ** piety under Dithmenos
  8478 | D:7      | Found a sparkling altar of Nemelex Xobeh.
  8861 | D:8      | Found a staircase to the Lair.
  9007 | D:8      | Found a sparkling altar of Nemelex Xobeh.
  9199 | D:8      | Found Faumesi's Food Boutique.
  9301 | D:8      | Reached XP level 10. HP: 44/44 MP: 24/24
  9327 | D:8      | Found an ancient bone altar of Kikubaaqudgha.
  9327 | D:8      | Found a snail-covered altar of Cheibriados.
  9329 | D:8      | Found a radiant altar of Vehumet.
  9329 | D:8      | Found an iron altar of Okawaru.
  9333 | D:8      | Found a white marble altar of Elyvilon.
  9336 | D:8      | Got a scintillating glass ring
  9337 | D:8      | Identified the ring "Muuceng" {rN+ MR+ MP-9 Str+8 Dex-5} (You found it on level 8 of the Dungeon)
  9390 | D:8      | Reached skill level 12 in Stealth
  9908 | D:4      | Got a faintly glowing dagger
  9946 | D:4      | Bought a scorched dagger for 140 gold pieces
  9947 | D:4      | Identified the +8 dagger of Waxygapn {flame, +Blink MP+9 Str-3 SInv} (You found it on level 4 of the Dungeon)
  9948 | D:4      | Identified the +4 dagger "Suba" {distort, +Rage rF+ Str-4 Int+3} (You bought it in a shop on level 4 of the Dungeon)
  9949 | D:4      | Cast into level 2 of the Abyss (a distortion unwield)
  9949 | Abyss:2  | Found a corrupted altar of Lugonu.
  9997 | Abyss:2  | Noticed a tentacled starspawn
 10001 | Abyss:2  | Noticed an orange demon
 10027 | Abyss:2  | Noticed a lich
 10078 | Abyss:2  | Noticed a large abomination
 10090 | Abyss:2  | Noticed a wretched star
 10181 | Abyss:2  | Noticed a tentacled starspawn
 10247 | Abyss:2  | Noticed a sixfirhy
 10293 | Abyss:2  | Gained mutation: You are occasionally teleported next to monsters. [a neqoxec]
 10379 | Abyss:2  | Found a corrupted altar of Lugonu.
 10600 | Abyss:2  | Noticed a tentacled starspawn
 10667 | Abyss:2  | Noticed a starcursed mass
 10678 | Abyss:2  | Noticed a smoke demon
 10733 | Abyss:2  | Noticed a large abomination
 10740 | Abyss:2  | Noticed a wretched star
 10744 | Abyss:2  | Noticed a wretched star
 10746 | Abyss:2  | Slain by a large abomination

Skill      XL: |  1  2  3  4  5  6  7  8  9 10 |
---------------+-------------------------------+-----
Spellcasting   | 3 4 5 6 7 9 |  9.1
Hexes          | 4 5 6 7 8 |  8.6
Stealth        | 5 6 8 9 11 12 | 12.8
Short Blades   | 2 5 7 |  7.0
Dodging        | 4 8 9 |  9.7

Action                   |  1- 3 |  4- 6 |  7- 9 | 10-12 || total
-------------------------+-------+-------+-------+-------++-------
Melee: Dagger            |   107 |   222 |    66 |       ||   395
       Short sword       |       |       |   203 |    80 ||   283
 Cast: Corona            |     1 |       |       |       ||     1
       Ensorcelled Hiber |     5 |    27 |    25 |     3 ||    60
       Confuse           |     1 |    11 |    36 |    29 ||    77
Evoke: Wand              |       |       |     1 |       ||     1
  Use: Scroll            |     2 |       |     4 |     2 ||     8
       Potion            |       |     2 |       |     1 ||     3
 Stab: Sleeping          |    20 |    26 |    45 |     5 ||    96
       Confused          |     2 |     7 |    22 |     9 ||    40
       Distracted        |       |       |       |     1 ||     1
  Eat: Pizza             |       |     1 |     1 |       ||     2
       Bread ration      |       |       |     1 |       ||     1
Armor: Robe              |    11 |    46 |    12 |     4 ||    73
Dodge: Dodged            |    62 |   235 |   131 |    62 ||   490
